 Dungeon Crawl Stone Soup version 0.29.0-4-gdea44cf6ec (webtiles) character file.

Game seed: 2914858097251276736

5 qw the Sneak (level 1, -1/14 HPs)
             Began as a Gargoyle Delver on Sept 10, 2022.
             Slain by an orc
             ... wielding a +0 trident
              (4 damage)
             ... on level 4 of the Dungeon.
             The game lasted 00:00:02 (64 turns).

qw the Sneak (Gargoyle Delver)                        Turns: 64, Time: 00:00:03

Health: -1/14      AC:  5    Str: 15    XL:     1   Next: 80%
Magic:  1/1        EV: 11    Int: 10    God:
Gold:   0          SH:  0    Dex: 11    Spells: 0/0 levels left

rFire   . . .      SeeInvis .   a - +0 hand axe
rCold   . . .      Faith    .   (no shield)
rNeg    + . .      Spirit   .   b - +0 leather armour
rPois   inf        Reflect  .   (no helmet)
rElec   +          Harm     .   (no cloak)
rCorr   .          Rampage  .   (no gloves)
Will    .....                   (no boots)
Stlth   +++.......              (no amulet)
HPRegen 0.04/turn               (no ring)
MPRegen 0.07/turn               (no ring)

@: no status effects
A: sickness immunity, AC +2, negative energy resistance 1, electricity
resistance, torment resistance 1, petrification resistance
a: no special abilities


You were on level 4 of the Dungeon.
You visited 1 branch of the dungeon, and saw 2 of its levels.


Innate Abilities, Weirdness & Mutations

You are immune to sickness and miasma.
Your stone body is resilient. (AC +2)
You are immune to poison.
You resist negative energy. (rN+)
You are resistant to electric shocks. (rElec)
You are resistant to unholy torment.
You are immune to petrification.


   Skills:
 - Level 3.2 Fighting
 + Level 2.2 Axes
 - Level 1.5 Dodging
 - Level 5.4 Stealth


You couldn't memorise any spells.
You didn't know any spells.
Your spell library was empty.

Inventory:

Hand Weapons
 a - a +0 hand axe (weapon)
Armour
 b - a +0 leather armour (worn)
 c - a +0 chain mail
Wands
 g - a wand of digging (3)
Scrolls
 d - a scroll of enchant weapon {unknown}
Potions
 e - a potion of degeneration {unknown}
 f - a potion of haste

Dungeon Overview and Level Annotations

Branches:
Dungeon (5/15)
 Temple: D:4-7

Altars:


Message History

You kill the goblin!
You open the door.
There is an open door here.
You open the door.
You open the door. 2 orcs come into view.
The orc shouts! x2; You hear a shout! x2
An orc comes into view. It is wielding a +0 trident.
An orc comes into view. It is wielding a +0 club. x2
55 ||| Stepping ~*~*~tactically~*~*~ (hiding).
56 ||| Stepping ~*~*~tactically~*~*~ (hiding).
You start waiting.
An orc is nearby!
The orc closely misses you.
The orc shouts!
You hit the orc.
The orc is severely wounded.
You hear the slow rusting of a very distant drain.
The orc hits you with a +0 mace. The orc barely misses you.
You hit the orc.
You kill the orc!
The orc hits you from afar with a +0 trident.
Your Axes skill increases to level 2!
You hit the orc.
The orc is lightly wounded.
The orc hits you from afar with a +0 trident.
The orc barely misses you. The orc completely misses you.
The orc hits you with a +0 club.
You hit the orc.
The orc is moderately wounded.
You barely miss the orc. The orc barely misses you.
The orc hits you with a +0 club.
You hit the orc.
You kill the orc!
You hit the orc but do no damage. The orc barely misses you.
The orc hits you but does no damage.
You hit the orc.
The orc is heavily wounded.
The orc hits you from afar with a +0 trident.
You die...

...>.............#......
.................#......
........................
......)............##+##
#######'##.....####....#
#..#...#.....# #(...+
+..'...#.....# #....#
#######..#.....# #.....
......#@.#.....# ######
......)o.#.....#
.....o#..#.....#
......####.....# #####


You could see 2 orcs.

Vanquished Creatures
  2 orcs (D:4)
  A goblin (D:4)
3 creatures vanquished.

Notes
Turn   | Place    | Note
-------+----------+-------------------------------------------
     0 | D:5      | qw the Gargoyle Delver began the quest for the Orb.
     0 | D:5      | Reached XP level 1. HP: 14/14 MP: 1/1
     0 | D:5      | 0 ||| qw: Version: 0.1-a-117-gfe26ee0
     0 | D:5      | 0 ||| qw: Game counter: 9650
     0 | D:5      | 0 ||| qw: Always use a shield: true
     0 | D:5      | 0 ||| qw: God list: Okawaru
     0 | D:5      | 0 ||| qw: Allow faded altars: false
     0 | D:5      | 0 ||| qw: Do Orc after D:15 true
     0 | D:5      | 0 ||| qw: Do second Lair branch before Depths: true
     0 | D:5      | 0 ||| qw: Lair rune preference: random
     0 | D:5      | 0 ||| qw: Plans: Normal
     0 | D:5      | 0 ||| PLANNING D:1-11
     1 | D:5      | 1 ||| DROPPING scroll of fog.
     2 | D:5      | 2 ||| DROPPING scroll of magic mapping.
     3 | D:5      | 3 ||| DROPPING scroll of fear.
    11 | D:4      | 11 ||| PLANNING SEWER
    55 | D:4      | 55 ||| Stepping ~*~*~tactically~*~*~ (hiding).
    56 | D:4      | 56 ||| Stepping ~*~*~tactically~*~*~ (hiding).
    62 | D:4      | HP: 3/14 [orc/+0 club (1)]
    64 | D:4      | Slain by an orc

Levels and vault maps discovered:
D:4:      layout_gridville, minmay_temple_entry_proselytizer,
          ebering_ghost_inner_flame, gup_sewer_entry_spiral
D:5:      layout_basic, uniq_duvessa, uniq_pikel

Skill      XL: |  1 |
---------------+----+-----
Axes           | 2 |  2.2
Fighting       | |  3.2
Dodging        | |  1.5
Stealth        | |  5.4

Action                   || total
-------------------------++-------
Melee: Hand axe          ||     8
Armor: Leather armour    ||     2
Dodge: Dodged            ||     7

Table legend:
 A = Non-vault XP
 B = Vault XP
 C = Vault XP percentage of total XP
 D = Non-vault monster count
 E = Vault monster count
 F = Vault count percentage of total count
                 A         B        C        D         E       F
            +---------+---------+-------+---------+---------+-------
      Total |       8 |       0 |   0.0 |       3 |       0 |   0.0
            +---------+---------+-------+---------+---------+-------
        D:4 |       8 |       0 |   0.0 |       3 |       0 |   0.0
            +---------+---------+-------+---------+---------+-------
